Chicago Black Hawks vs Calgary Flames
(R1)
Created - Sunday, December 7, 2025 at 08:46
Goals
|
| Chicago Black Hawks |
1 |
1 |
4 |
6 |
| Calgary Flames |
0 |
1 |
1 |
2 |
|
Shots
|
| Chicago Black Hawks |
11 |
5 |
16 |
32 |
| Calgary Flames |
20 |
5 |
19 |
44 |
|
1st period
1. Chicago Black Hawks , Shane Wright 1 (Bobby Brink 3) at 4:06
Penalties :
Zach Hyman (CGY) for Slashing (Minor) at 6:06
2nd period
2. Calgary Flames , Chris Kreider 5 (Cale Makar 12, Filip Hronek 2) at 6:01
3. Chicago Black Hawks , Trevor Zegras 3 (Lucas Raymond 2, Zachary Werenski 8) at 12:17
Penalties :
Jeremy Lauzon (CGY) for Tripping (Minor) at 6:22, Brett Howden (CHI) for Tripping (Minor) at 8:31, Oliver Bjorkstrand (CHI) for Slashing (Minor) at 12:33, Noah Dobson (CHI) for Tripping (Minor) at 16:05, Angus Crookshank (CGY) for Tripping (Minor) at 19:57
3rd period
4. Chicago Black Hawks , Christopher Tanev 2 (Brent Burns 3, Oliver Bjorkstrand 4) at 0:45 (PP)
5. Chicago Black Hawks , Noah Dobson 1 (Trevor Zegras 3, Lucas Raymond 3) at 1:21
6. Chicago Black Hawks , Barrett Hayton 2 (Lucas Raymond 4, Christopher Tanev 4) at 5:46
7. Calgary Flames , Nick Paul 3 (Bo Horvat 9) at 7:00
8. Chicago Black Hawks , Leo Carlsson 4 (Noah Dobson 3, Oliver Bjorkstrand 5) at 14:31
Penalties :
Jeremy Lauzon (CGY) for Fighting (Major) at 3:19, Trevor Zegras (CHI) for Fighting (Major) at 3:19, Daniil Miromanov (CGY) for Holding (Minor) at 8:33, Ryan Lindgren (CHI) for Interference (Minor) at 10:46, Joel Eriksson Ek (CGY) for Fighting (Major) at 15:03, Brett Howden (CHI) for Fighting (Major) at 15:03, Bobby Brink (CHI) for Boarding (Minor) at 18:43
Goalie Stats
Filip Gustavsson (CHI), 42 saves from 44 shots - (0.955), W, 7-3-1, 60:00 minutes
Anton Forsberg (CGY), 26 saves from 32 shots - (0.813), L, 7-3-1, 60:00 minutes
Players Stats for Chicago Black Hawks
Player Name G A P +/- PIM S H SB GA TA FO MP PP MP PK MP
------------------------------------------------------------------------------------
Barrett Hayton 1 0 1 3 0 5 2 0 0 0 11/27 20:23 3:17 4:10
Bobby Brink 0 1 1 0 2 2 1 0 0 0 0/1 9:47 0:00 0:00
Brent Burns 0 1 1 1 0 1 2 2 0 0 0/0 26:47 3:20 4:44
Brett Howden 0 0 0 0 7 1 2 1 0 0 1/2 8:46 0:00 0:51
Christopher Tanev 1 1 2 0 0 2 2 1 0 0 0/0 21:45 3:20 4:44
Eeli Tolvanen 0 0 0 -1 0 0 0 0 0 1 0/0 11:47 0:03 0:00
Justin Faulk 0 0 0 0 0 0 2 0 0 2 0/0 21:22 3:25 4:28
Leo Carlsson 1 0 1 0 0 3 2 1 3 0 5/23 21:58 3:18 4:52
Lucas Raymond 0 3 3 3 0 1 0 0 1 0 1/3 13:12 0:10 0:10
Matthew Beniers 0 0 0 0 0 4 1 0 0 0 9/10 17:01 3:25 4:10
Morgan Frost 0 0 0 0 0 0 0 0 0 0 3/5 10:54 3:17 0:00
Noah Dobson 1 1 2 2 2 2 0 0 0 0 0/0 11:55 0:00 0:00
Oliver Bjorkstrand 0 2 2 0 2 4 3 1 0 1 0/4 20:23 3:18 3:35
Ryan Lindgren 0 0 0 2 2 0 1 1 0 0 0/0 11:53 0:00 0:00
Ryan Suzuki 0 0 0 0 0 0 1 0 0 0 0/0 7:44 0:00 0:00
Shane Wright 1 0 1 2 0 4 2 0 1 0 0/1 13:47 0:10 0:00
Trevor Zegras 1 1 2 2 5 2 3 1 0 0 2/2 14:53 3:17 0:36
Zachary Werenski 0 1 1 1 0 1 0 1 1 2 0/0 26:24 3:25 4:28
Players Stats for Calgary Flames
Player Name G A P +/- PIM S H SB GA TA FO MP PP MP PK MP
------------------------------------------------------------------------------------
Angus Crookshank 0 0 0 -1 2 1 0 0 0 0 0/0 10:21 0:00 0:00
Ben Meyers 0 0 0 0 0 2 2 0 0 0 0/0 9:35 0:00 0:54
Bo Horvat 0 1 1 -1 0 5 0 1 0 0 21/24 20:39 4:23 3:27
Cale Makar 0 1 1 -1 0 7 0 2 3 1 0/0 25:27 4:59 3:22
Chris Kreider 1 0 1 -1 0 2 4 1 2 0 0/1 17:48 4:49 0:25
Daniil Miromanov 0 0 0 1 2 0 1 0 0 1 0/0 13:04 0:00 0:00
Drew Doughty 0 0 0 -1 0 3 1 2 0 0 0/0 22:57 4:13 3:22
Filip Hronek 0 1 1 -1 0 0 1 3 0 0 0/0 24:33 4:59 3:23
Jeremy Lauzon 0 0 0 -2 7 2 1 0 0 1 0/0 17:05 4:13 0:00
Joel Eriksson Ek 0 0 0 -1 5 8 2 0 0 0 11/14 16:00 3:54 3:10
Mathieu Joseph 0 0 0 -1 0 2 4 0 0 0 0/5 17:01 4:43 0:00
Matthew Tkachuk 0 0 0 -1 0 2 0 0 0 0 6/17 12:18 0:00 0:00
Nic Dowd 0 0 0 0 0 0 3 0 0 0 4/9 10:49 1:01 0:00
Nick Paul 1 0 1 0 0 2 1 0 0 2 0/1 8:11 0:00 0:00
Pavel Zacha 0 0 0 -1 0 1 2 0 1 0 1/1 10:22 0:00 0:00
Sebastian Aho 0 0 0 -1 0 4 1 1 0 1 2/2 20:29 4:23 3:23
Uvis Balinskis 0 0 0 -2 0 0 1 3 0 0 0/0 17:01 0:00 3:23
Zach Hyman 0 0 0 -1 2 3 0 0 0 0 1/4 19:29 4:23 2:11
3 Stars
1 - Filip Gustavsson (CHI)
2 - Lucas Raymond (CHI)
3 - Barrett Hayton (CHI)
Power Play
Chicago Black Hawks - 1 on 4 Attempt(s) - 25.00%
Calgary Flames - 0 on 5 Attempt(s) - 0.00%
Penalty Kill
Chicago Black Hawks - 5 on 5 Attempt(s) - 100.00%
- Score 0 goal in Penalty Kill
Calgary Flames - 3 on 4 Attempt(s) - 75.00%
- Score 0 goal in Penalty Kill
Team Stat
Chicago Black Hawks - Hits : 24 - Faceoff Wins : 32 - Blocked Shots : 9 - Penalty Minutes : 20
Calgary Flames - Hits : 24 - Faceoff Wins : 46 - Blocked Shots : 13 - Penalty Minutes : 18
Official
Referees : Ghislain Hebert and Tj Luxmore
Linesman : Ryan Daisy and Mark Shewchyk
Game Notes
Jeremy Lauzon beats up Trevor Zegras at 3:19 of 3rd period
Joel Eriksson Ek and Brett Howden fight to a draw at 15:03 of 3rd period
Finance
Level 1 -- Attendance: 6000 (100.00%) -- Ticket Income $600,000
Level 2 -- Attendance: 4722 (94.44%) -- Ticket Income $283,320
Level 3 -- Attendance: 2959 (98.63%) -- Ticket Income $103,565
Level 4 -- Attendance: 5000 (100.00%) -- Ticket Income $125,000
Luxury Box -- Attendance: 1000 (100.00%) -- Ticket Income $200,000
Game was played at the Scotiabank Saddledome.
Total Attendance: 19681 (98.41%)
Total Ticket Income: $1,311,885
Other Income: $459,160
Total Income: $1,771,045
Chicago Black Hawks
5 vs 5 Forward
Center Left Wing Right Wing Time % Phy DF OF
1 Leo Carlsson Eeli Tolvanen Oliver Bjorkstrand 30 1 2 2
2 Barrett Hayton Lucas Raymond Trevor Zegras 30 1 2 2
3 Matthew Beniers Shane Wright Bobby Brink 25 1 2 2
4 Morgan Frost Brett Howden Ryan Suzuki 15 1 2 2
5 vs 5 Defense
Defense Defense Time % Phy DF OF
1 Zachary Werenski Justin Faulk 30 1 2 2
2 Brent Burns Christopher Tanev 30 1 2 2
3 Noah Dobson Ryan Lindgren 25 1 2 2
4 Brent Burns Zachary Werenski 15 1 2 2
PowerPlay Forward
Center Left Wing Right Wing Time % Phy DF OF
1 Leo Carlsson Matthew Beniers Oliver Bjorkstrand 50 1 2 2
2 Barrett Hayton Morgan Frost Trevor Zegras 50 1 2 2
PowerPlay Defense
Defense Defense Time % Phy DF OF
1 Zachary Werenski Justin Faulk 50 1 2 2
2 Brent Burns Christopher Tanev 50 1 2 2
Penalty Kill 4 Players Forward
Center Wing Time % Phy DF OF
1 Oliver Bjorkstrand Leo Carlsson 50 1 2 2
2 Barrett Hayton Matthew Beniers 50 1 2 2
Penalty Kill 4 Players Defense
Defense Defense Time % Phy DF OF
1 Zachary Werenski Justin Faulk 50 1 2 2
2 Brent Burns Christopher Tanev 50 1 2 2
Penalty Kill - 3 Players Forward
Forward Time % Phy DF OF
1 Barrett Hayton 50 1 2 2
2 Leo Carlsson 50 1 2 2
Penalty Kill - 3 Players Defense
Defense Defense Time % Phy DF OF
1 Zachary Werenski Justin Faulk 50 1 2 2
2 Brent Burns Christopher Tanev 50 1 2 2
4 vs 4 Forward
Center Wing Time % Phy DF OF
1 Oliver Bjorkstrand Leo Carlsson 50 1 2 2
2 Barrett Hayton Matthew Beniers 50 1 2 2
4 vs 4 Defense
Defense Defense Time % Phy DF OF
1 Zachary Werenski Justin Faulk 50 1 2 2
2 Brent Burns Christopher Tanev 50 1 2 2
Last Minutes Offensive
Center Left Wing Right Wing Defense Defense
Leo Carlsson Eeli Tolvanen Oliver Bjorkstrand Zachary Werenski Justin Faulk
Last Minutes Defensive
Center Left Wing Right Wing Defense Defense
Leo Carlsson Eeli Tolvanen Oliver Bjorkstrand Zachary Werenski Justin Faulk
Goaltenders
Starting : Filip Gustavsson
Backup : Adin Hill
Extra Forwards
Normal : Shane Wright, Morgan Frost, Brett Howden - PP : Shane Wright, Morgan Frost - PK : Brett Howden
Extra Defensemen
Normal : Noah Dobson, Zachary Werenski, Brent Burns - PP : Noah Dobson - PK : Zachary Werenski, Justin Faulk
Penalty Shots
Morgan Frost, Leo Carlsson, Barrett Hayton, Matthew Beniers, Oliver Bjorkstrand
Scratches
Jonas Brodin (Healthy), David Jiricek (Healthy), Simon Nemec (Healthy), Antonio Stranges (Healthy), Noah Cates (Healthy)
Calgary Flames
5 vs 5 Forward
Center Left Wing Right Wing Time % Phy DF OF
1 Bo Horvat Sebastian Aho Zach Hyman 30 1 2 2
2 Matthew Tkachuk Chris Kreider Mathieu Joseph 30 1 2 2
3 Joel Eriksson Ek Angus Crookshank Pavel Zacha 25 1 2 2
4 Nic Dowd Nick Paul Ben Meyers 15 1 2 2
5 vs 5 Defense
Defense Defense Time % Phy DF OF
1 Cale Makar Filip Hronek 35 1 2 2
2 Jeremy Lauzon Uvis Balinskis 35 1 2 2
3 Drew Doughty Daniil Miromanov 30 1 2 2
4 Cale Makar Filip Hronek 0 1 2 2
PowerPlay Forward
Center Left Wing Right Wing Time % Phy DF OF
1 Bo Horvat Sebastian Aho Zach Hyman 50 1 2 2
2 Joel Eriksson Ek Chris Kreider Mathieu Joseph 50 1 2 2
PowerPlay Defense
Defense Defense Time % Phy DF OF
1 Cale Makar Filip Hronek 50 1 2 2
2 Drew Doughty Jeremy Lauzon 50 1 2 2
Penalty Kill 4 Players Forward
Center Wing Time % Phy DF OF
1 Bo Horvat Sebastian Aho 50 1 2 2
2 Zach Hyman Joel Eriksson Ek 50 1 2 2
Penalty Kill 4 Players Defense
Defense Defense Time % Phy DF OF
1 Cale Makar Drew Doughty 50 1 2 2
2 Filip Hronek Uvis Balinskis 50 1 2 2
Penalty Kill - 3 Players Forward
Forward Time % Phy DF OF
1 Bo Horvat 50 1 2 2
2 Sebastian Aho 50 1 2 2
Penalty Kill - 3 Players Defense
Defense Defense Time % Phy DF OF
1 Cale Makar Filip Hronek 50 1 2 2
2 Uvis Balinskis Drew Doughty 50 1 2 2
4 vs 4 Forward
Center Wing Time % Phy DF OF
1 Bo Horvat Sebastian Aho 50 1 2 2
2 Zach Hyman Joel Eriksson Ek 50 1 2 2
4 vs 4 Defense
Defense Defense Time % Phy DF OF
1 Cale Makar Filip Hronek 50 1 2 2
2 Drew Doughty Uvis Balinskis 50 1 2 2
Last Minutes Offensive
Center Left Wing Right Wing Defense Defense
Bo Horvat Sebastian Aho Zach Hyman Cale Makar Filip Hronek
Last Minutes Defensive
Center Left Wing Right Wing Defense Defense
Bo Horvat Sebastian Aho Zach Hyman Cale Makar Filip Hronek
Goaltenders
Starting : Anton Forsberg
Backup : Ilya Sorokin
Extra Forwards
Normal : Nic Dowd, Ben Meyers, Sebastian Aho - PP : Nic Dowd, Ben Meyers - PK : Bo Horvat
Extra Defensemen
Normal : Cale Makar, Filip Hronek, Drew Doughty - PP : Cale Makar - PK : Drew Doughty, Cale Makar
Penalty Shots
Bo Horvat, Sebastian Aho, Nic Dowd, Joel Eriksson Ek, Zach Hyman
Scratches
Alec Martinez (Healthy), J.T. Miller (Healthy), Kris Letang (Back Spasms Injury), Pheonix Copley (Healthy)
% Time on Ice - Chicago Black Hawks
Lines # - Real PCT - Wanted PCT - Time Play
Normal Forward
1 - 31% - 30% - 13:35
2 - 29% - 30% - 12:56
3 - 22% - 25% - 9:48
4 - 18% - 15% - 7:44
Normal Defense
1 - 31% - 30% - 13:29
2 - 31% - 30% - 13:41
3 - 27% - 25% - 11:51
4 - 11% - 15% - 5:02
PP Forward
1 - 51% - 50% - 3:28
2 - 49% - 50% - 3:17
PP Defense
1 - 51% - 50% - 3:25
2 - 49% - 50% - 3:20
PK Forward
1 - 55% - 50% - 5:02
2 - 45% - 50% - 4:10
PK Defense
1 - 49% - 50% - 4:28
2 - 51% - 50% - 4:44
PK3 Forward
1 - 0% - 50%
2 - 0% - 50%
PK3 Defense
1 - 0% - 50%
2 - 0% - 50%
44 Forward
1 - 0% - 50%
2 - 0% - 50%
44 Defense
1 - 0% - 50%
2 - 0% - 50%
Last Minute Offensive - 0:00
Last Minute Defensive - 0:00
Total
Forward - 60:00
Defense - 60:00
|
% Time on Ice - Calgary Flames
Lines # - Real PCT - Wanted PCT - Time Play
Normal Forward
1 - 29% - 30% - 12:59
2 - 28% - 30% - 12:31
3 - 24% - 25% - 10:22
4 - 19% - 15% - 8:11
Normal Defense
1 - 35% - 35% - 15:14
2 - 36% - 35% - 15:51
3 - 29% - 30% - 12:58
4 - 0% - 0% - 0:00
PP Forward
1 - 48% - 50% - 4:23
2 - 52% - 50% - 4:49
PP Defense
1 - 54% - 50% - 4:59
2 - 46% - 50% - 4:13
PK Forward
1 - 49% - 50% - 3:19
2 - 51% - 50% - 3:26
PK Defense
1 - 50% - 50% - 3:22
2 - 50% - 50% - 3:23
PK3 Forward
1 - 0% - 50%
2 - 0% - 50%
PK3 Defense
1 - 0% - 50%
2 - 0% - 50%
44 Forward
1 - 0% - 50%
2 - 0% - 50%
44 Defense
1 - 0% - 50%
2 - 0% - 50%
Last Minute Offensive - 0:00
Last Minute Defensive - 0:00
Total
Forward - 60:00
Defense - 60:00
|
Play-by-Play
1st period
0:01 of 1st period - Bo Horvat wins face-off versus Leo Carlsson in neutral zone.
0:30 of 1st period - Wrist shot by Bo Horvat.
0:30 of 1st period - Stopped by Filip Gustavsson without a rebound.
0:31 of 1st period - Matthew Beniers wins face-off versus Matthew Tkachuk in Chicago Black Hawks zone.
0:36 of 1st period - Wrist shot by Shane Wright.
0:36 of 1st period - Stopped by Anton Forsberg without a rebound.
0:37 of 1st period - Matthew Beniers wins face-off versus Joel Eriksson Ek in Calgary Flames zone.
0:38 of 1st period - Slapshot by Shane Wright.
0:38 of 1st period - Stopped by Anton Forsberg with a rebound.
0:40 of 1st period - Slapshot by Christopher Tanev.
0:40 of 1st period - Stopped by Anton Forsberg with a rebound.
0:42 of 1st period - Snap shot by Shane Wright.
0:42 of 1st period - Shot Misses the Net.
0:50 of 1st period - Joel Eriksson Ek is hit by Christopher Tanev and loses puck.
1:11 of 1st period - Wrist shot by Ben Meyers.
1:11 of 1st period - Stopped by Filip Gustavsson without a rebound.
1:12 of 1st period - Lucas Raymond wins face-off versus Matthew Tkachuk in Chicago Black Hawks zone.
1:12 of 1st period - Lucas Raymond is hit by Mathieu Joseph.
1:43 of 1st period - Matthew Tkachuk is hit by Brett Howden and loses puck.
1:54 of 1st period - Snap shot by Matthew Tkachuk.
1:54 of 1st period - Stopped by Filip Gustavsson without a rebound.
1:55 of 1st period - Bo Horvat wins face-off versus Leo Carlsson in Chicago Black Hawks zone.
2:02 of 1st period - Wrist shot by Bo Horvat.
2:02 of 1st period - Stopped by Filip Gustavsson without a rebound.
2:03 of 1st period - Sebastian Aho wins face-off versus Leo Carlsson in Chicago Black Hawks zone.
2:04 of 1st period - Snap shot by Bo Horvat.
2:04 of 1st period - Shot Misses the Net.
2:06 of 1st period - Snap shot by Sebastian Aho.
2:06 of 1st period - Stopped by Filip Gustavsson without a rebound.
2:07 of 1st period - Joel Eriksson Ek wins face-off versus Barrett Hayton in Chicago Black Hawks zone.
2:38 of 1st period - Bo Horvat is hit by Christopher Tanev and loses puck.
2:45 of 1st period - Snap shot by Sebastian Aho.
2:45 of 1st period - Deflect By Brent Burns.
2:45 of 1st period - Stopped by Filip Gustavsson with a rebound.
3:31 of 1st period - Backhand shot by Nick Paul.
3:31 of 1st period - Stopped by Filip Gustavsson with a rebound.
3:33 of 1st period - Slapshot by Drew Doughty.
3:33 of 1st period - Stopped by Filip Gustavsson without a rebound.
3:34 of 1st period - Joel Eriksson Ek wins face-off versus Leo Carlsson in Chicago Black Hawks zone.
3:47 of 1st period - Wrist shot by Cale Makar.
3:47 of 1st period - Stopped by Filip Gustavsson with a rebound.
3:49 of 1st period - Slapshot by Filip Hronek.
3:49 of 1st period - Shot Misses the Net.
4:06 of 1st period - Wrist shot by Bobby Brink.
4:06 of 1st period - Deflect By Shane Wright.
4:06 of 1st period - Goal by Shane Wright - Chicago Black Hawks : 1 - Calgary Flames : 0.
4:07 of 1st period - Barrett Hayton wins face-off versus Bo Horvat in neutral zone.
4:10 of 1st period - Cale Makar is hit by Trevor Zegras and loses puck.
4:21 of 1st period - Snap shot by Barrett Hayton.
4:21 of 1st period - Deflect By Trevor Zegras.
4:21 of 1st period - Stopped by Anton Forsberg without a rebound.
4:22 of 1st period - Leo Carlsson wins face-off versus Matthew Tkachuk in Calgary Flames zone.
5:14 of 1st period - Snap shot by Barrett Hayton.
5:14 of 1st period - Shot Misses the Net.
5:16 of 1st period - Snap shot by Barrett Hayton.
5:16 of 1st period - Shot Blocked by Uvis Balinskis.
5:18 of 1st period - Wrist shot by Brent Burns.
5:18 of 1st period - Stopped by Anton Forsberg without a rebound.
5:19 of 1st period - Morgan Frost wins face-off versus Matthew Tkachuk in Calgary Flames zone.
5:28 of 1st period - Icing by Noah Dobson.
5:29 of 1st period - Morgan Frost wins face-off versus Mathieu Joseph in Chicago Black Hawks zone.
5:36 of 1st period - Wrist shot by Matthew Tkachuk.
5:36 of 1st period - Shot Misses the Net.
5:38 of 1st period - Snap shot by Chris Kreider.
5:38 of 1st period - Shot Misses the Net.
5:40 of 1st period - Snap shot by Matthew Tkachuk.
5:40 of 1st period - Stopped by Filip Gustavsson without a rebound.
5:41 of 1st period - Bo Horvat wins face-off versus Leo Carlsson in Chicago Black Hawks zone.
5:58 of 1st period - Slapshot by Sebastian Aho.
5:58 of 1st period - Shot Misses the Net.
6:06 of 1st period - Minor Penalty to Zach Hyman for Slashing.
6:07 of 1st period - Bo Horvat wins face-off versus Leo Carlsson in Calgary Flames zone.
6:07 of 1st period - Bo Horvat is hit by Oliver Bjorkstrand.
6:13 of 1st period - Backhand shot by Sebastian Aho.
6:13 of 1st period - Shot Misses the Net.
6:15 of 1st period - Slapshot by Cale Makar.
6:15 of 1st period - Deflect By Joel Eriksson Ek.
6:15 of 1st period - Stopped by Filip Gustavsson without a rebound.
6:16 of 1st period - Bo Horvat wins face-off versus Leo Carlsson in Chicago Black Hawks zone.
6:19 of 1st period - Slapshot by Joel Eriksson Ek.
6:19 of 1st period - Stopped by Filip Gustavsson with a rebound.
6:21 of 1st period - Slapshot by Drew Doughty.
6:21 of 1st period - Stopped by Filip Gustavsson without a rebound.
6:22 of 1st period - Bo Horvat wins face-off versus Barrett Hayton in Chicago Black Hawks zone.
6:51 of 1st period - Slapshot by Joel Eriksson Ek.
6:51 of 1st period - Shot Blocked by Oliver Bjorkstrand.
8:06 of 1st period - Penalty to Zach Hyman is over, Zach Hyman is back on ice.
8:25 of 1st period - Slapshot by Matthew Tkachuk.
8:25 of 1st period - Shot Blocked by Brett Howden.
8:43 of 1st period - Leo Carlsson is hit by Ben Meyers and loses puck.
9:09 of 1st period - Snap shot by Shane Wright.
9:09 of 1st period - Shot Misses the Net.
9:25 of 1st period - Ryan Lindgren is hit by Mathieu Joseph and loses puck.
9:45 of 1st period - Snap shot by Leo Carlsson.
9:45 of 1st period - Stopped by Anton Forsberg without a rebound.
9:46 of 1st period - Leo Carlsson wins face-off versus Nick Paul in Calgary Flames zone.
9:47 of 1st period - Snap shot by Oliver Bjorkstrand.
9:47 of 1st period - Stopped by Anton Forsberg with a rebound.
9:49 of 1st period - Slapshot by Eeli Tolvanen.
9:49 of 1st period - Shot Blocked by Drew Doughty.
9:51 of 1st period - Snap shot by Oliver Bjorkstrand.
9:51 of 1st period - Stopped by Anton Forsberg without a rebound.
9:52 of 1st period - Joel Eriksson Ek wins face-off versus Leo Carlsson in Calgary Flames zone.
11:17 of 1st period - Snap shot by Zachary Werenski.
11:17 of 1st period - Stopped by Anton Forsberg with a rebound.
12:00 of 1st period - Snap shot by Matthew Tkachuk.
12:00 of 1st period - Shot Misses the Net.
12:02 of 1st period - Wrist shot by Jeremy Lauzon.
12:02 of 1st period - Stopped by Filip Gustavsson with a rebound.
12:04 of 1st period - Snap shot by Mathieu Joseph.
12:04 of 1st period - Stopped by Filip Gustavsson without a rebound.
12:05 of 1st period - Trevor Zegras wins face-off versus Matthew Tkachuk in Chicago Black Hawks zone.
12:30 of 1st period - Snap shot by Joel Eriksson Ek.
12:30 of 1st period - Stopped by Filip Gustavsson without a rebound.
12:31 of 1st period - Joel Eriksson Ek wins face-off versus Matthew Beniers in Chicago Black Hawks zone.
12:34 of 1st period - Snap shot by Joel Eriksson Ek.
12:34 of 1st period - Stopped by Filip Gustavsson without a rebound.
12:35 of 1st period - Matthew Beniers wins face-off versus Joel Eriksson Ek in Chicago Black Hawks zone.
12:35 of 1st period - Matthew Beniers is hit by Joel Eriksson Ek.
12:43 of 1st period - Slapshot by Joel Eriksson Ek.
12:43 of 1st period - Stopped by Filip Gustavsson without a rebound.
12:44 of 1st period - Barrett Hayton wins face-off versus Bo Horvat in Chicago Black Hawks zone.
12:53 of 1st period - Wrist shot by Lucas Raymond.
12:53 of 1st period - Shot Misses the Net.
12:55 of 1st period - Snap shot by Trevor Zegras.
12:55 of 1st period - Shot Misses the Net.
12:57 of 1st period - Snap shot by Lucas Raymond.
12:57 of 1st period - Stopped by Anton Forsberg without a rebound.
12:58 of 1st period - Trevor Zegras wins face-off versus Mathieu Joseph in Calgary Flames zone.
12:59 of 1st period - Snap shot by Barrett Hayton.
12:59 of 1st period - Shot Blocked by Filip Hronek.
14:17 of 1st period - Noah Dobson is hit by Uvis Balinskis and loses puck.
14:32 of 1st period - Jeremy Lauzon is hit by Ryan Lindgren and loses puck.
14:53 of 1st period - Zachary Werenski is hit by Sebastian Aho and loses puck.
14:58 of 1st period - Slapshot by Bo Horvat.
14:58 of 1st period - Stopped by Filip Gustavsson without a rebound.
14:59 of 1st period - Barrett Hayton wins face-off versus Zach Hyman in Chicago Black Hawks zone.
15:06 of 1st period - Snap shot by Bo Horvat.
15:06 of 1st period - Shot Blocked by Ryan Lindgren.
15:12 of 1st period - Wrist shot by Barrett Hayton.
15:12 of 1st period - Shot Blocked by Filip Hronek.
15:31 of 1st period - Slapshot by Cale Makar.
15:31 of 1st period - Deflect By Zachary Werenski.
15:31 of 1st period - Stopped by Filip Gustavsson without a rebound.
15:32 of 1st period - Leo Carlsson wins face-off versus Matthew Tkachuk in Chicago Black Hawks zone.
15:57 of 1st period - Zachary Werenski is hit by Daniil Miromanov and loses puck.
16:39 of 1st period - Off-side.
16:40 of 1st period - Nic Dowd wins face-off versus Morgan Frost in neutral zone.
16:47 of 1st period - Slapshot by Cale Makar.
16:47 of 1st period - Shot Blocked by Christopher Tanev.
17:57 of 1st period - Slapshot by Zachary Werenski.
17:57 of 1st period - Deflect By Morgan Frost.
17:57 of 1st period - Shot Blocked by Uvis Balinskis.
17:57 of 1st period - Puck is out of play.
17:58 of 1st period - Matthew Tkachuk wins face-off versus Shane Wright in Calgary Flames zone.
18:25 of 1st period - Drew Doughty is hit by Leo Carlsson and loses puck.
18:34 of 1st period - Zach Hyman is hit by Oliver Bjorkstrand and loses puck.
18:51 of 1st period - Pavel Zacha is hit by Barrett Hayton and loses puck.
19:04 of 1st period - Morgan Frost is hit by Ben Meyers and loses puck.
19:37 of 1st period - Snap shot by Matthew Tkachuk.
19:37 of 1st period - Shot Misses the Net.
Goals for this period are 1 for Chicago Black Hawks vs 0 for Calgary Flames.
Shots for this period are 11 for Chicago Black Hawks vs 20 for Calgary Flames.
2nd period
0:01 of 2nd period - Matthew Tkachuk wins face-off versus Barrett Hayton in neutral zone.
0:06 of 2nd period - Snap shot by Chris Kreider.
0:06 of 2nd period - Stopped by Filip Gustavsson with a rebound.
2:10 of 2nd period - Wrist shot by Bobby Brink.
2:10 of 2nd period - Stopped by Anton Forsberg with a rebound.
2:12 of 2nd period - Snap shot by Bobby Brink.
2:12 of 2nd period - Stopped by Anton Forsberg without a rebound.
2:13 of 2nd period - Matthew Beniers wins face-off versus Mathieu Joseph in Calgary Flames zone.
2:16 of 2nd period - Snap shot by Shane Wright.
2:16 of 2nd period - Shot Blocked by Cale Makar.
2:28 of 2nd period - Slapshot by Matthew Tkachuk.
2:28 of 2nd period - Shot Misses the Net.
2:40 of 2nd period - Cale Makar is hit by Justin Faulk and loses puck.
2:47 of 2nd period - Wrist shot by Lucas Raymond.
2:47 of 2nd period - Shot Misses the Net.
4:43 of 2nd period - Jeremy Lauzon is hit by Bobby Brink and loses puck.
5:27 of 2nd period - Daniil Miromanov is hit by Trevor Zegras and loses puck.
5:40 of 2nd period - Noah Dobson is hit by Nic Dowd and loses puck.
6:01 of 2nd period - Snap shot by Chris Kreider.
6:01 of 2nd period - Goal by Chris Kreider - Chicago Black Hawks : 1 - Calgary Flames : 1.
6:02 of 2nd period - Barrett Hayton wins face-off versus Matthew Tkachuk in neutral zone.
6:04 of 2nd period - Off-side.
6:05 of 2nd period - Matthew Tkachuk wins face-off versus Barrett Hayton in neutral zone.
6:19 of 2nd period - Off-side.
6:20 of 2nd period - Bo Horvat wins face-off versus Leo Carlsson in neutral zone.
6:22 of 2nd period - Minor Penalty to Jeremy Lauzon for Tripping.
6:23 of 2nd period - Bo Horvat wins face-off versus Barrett Hayton in Calgary Flames zone.
6:37 of 2nd period - Wrist shot by Barrett Hayton.
6:37 of 2nd period - Stopped by Anton Forsberg with a rebound.
6:39 of 2nd period - Slapshot by Zachary Werenski.
6:39 of 2nd period - Shot Blocked by Uvis Balinskis.
7:56 of 2nd period - Cale Makar is hit by Leo Carlsson and loses puck.
8:22 of 2nd period - Penalty to Jeremy Lauzon is over, Jeremy Lauzon is back on ice.
8:31 of 2nd period - Minor Penalty to Brett Howden for Tripping.
8:32 of 2nd period - Joel Eriksson Ek wins face-off versus Barrett Hayton in Chicago Black Hawks zone.
8:35 of 2nd period - Wrist shot by Joel Eriksson Ek.
8:35 of 2nd period - Stopped by Filip Gustavsson without a rebound.
8:36 of 2nd period - Joel Eriksson Ek wins face-off versus Barrett Hayton in Chicago Black Hawks zone.
8:47 of 2nd period - Slapshot by Cale Makar.
8:47 of 2nd period - Deflect By Joel Eriksson Ek.
8:47 of 2nd period - Shot Hit the Post.
8:47 of 2nd period - Puck is out of play.
8:48 of 2nd period - Bo Horvat wins face-off versus Oliver Bjorkstrand in Chicago Black Hawks zone.
8:55 of 2nd period - Slapshot by Bo Horvat.
8:55 of 2nd period - Stopped by Filip Gustavsson with a rebound.
8:57 of 2nd period - Snap shot by Zach Hyman.
8:57 of 2nd period - Stopped by Filip Gustavsson with a rebound.
9:54 of 2nd period - Snap shot by Zachary Werenski.
9:54 of 2nd period - Deflect By Matthew Beniers.
9:54 of 2nd period - Shot Misses the Net.
9:54 of 2nd period - Puck is out of play.
9:55 of 2nd period - Bo Horvat wins face-off versus Barrett Hayton in Calgary Flames zone.
10:31 of 2nd period - Penalty to Brett Howden is over, Brett Howden is back on ice.
10:56 of 2nd period - Ben Meyers is hit by Matthew Beniers and loses puck.
11:15 of 2nd period - Trevor Zegras is hit by Joel Eriksson Ek and loses puck.
11:22 of 2nd period - Brent Burns is hit by Pavel Zacha.
11:42 of 2nd period - Eeli Tolvanen is hit by Chris Kreider and loses puck.
12:15 of 2nd period - Wrist shot by Lucas Raymond.
12:15 of 2nd period - Shot Misses the Net.
12:17 of 2nd period - Wrist shot by Trevor Zegras.
12:17 of 2nd period - Goal by Trevor Zegras - Chicago Black Hawks : 2 - Calgary Flames : 1.
12:18 of 2nd period - Sebastian Aho wins face-off versus Leo Carlsson in neutral zone.
12:31 of 2nd period - Snap shot by Zach Hyman.
12:31 of 2nd period - Shot Hit the Post.
12:33 of 2nd period - Minor Penalty to Oliver Bjorkstrand for Slashing.
12:34 of 2nd period - Bo Horvat wins face-off versus Brett Howden in Chicago Black Hawks zone.
13:12 of 2nd period - Justin Faulk is hit by Chris Kreider and loses puck.
14:33 of 2nd period - Penalty to Oliver Bjorkstrand is over, Oliver Bjorkstrand is back on ice.
14:51 of 2nd period - Shane Wright is hit by Nick Paul and loses puck.
15:04 of 2nd period - Daniil Miromanov is hit by Ryan Suzuki and loses puck.
15:09 of 2nd period - Slapshot by Brett Howden.
15:09 of 2nd period - Stopped by Anton Forsberg without a rebound.
15:10 of 2nd period - Joel Eriksson Ek wins face-off versus Barrett Hayton in Calgary Flames zone.
15:33 of 2nd period - Snap shot by Bobby Brink.
15:33 of 2nd period - Shot Misses the Net.
15:35 of 2nd period - Wrist shot by Shane Wright.
15:35 of 2nd period - Shot Misses the Net.
15:37 of 2nd period - Backhand shot by Christopher Tanev.
15:37 of 2nd period - Shot Blocked by Sebastian Aho.
15:57 of 2nd period - Snap shot by Nic Dowd.
15:57 of 2nd period - Shot Misses the Net.
15:59 of 2nd period - Slapshot by Nick Paul.
15:59 of 2nd period - Shot Blocked by Brent Burns.
16:01 of 2nd period - Slapshot by Ben Meyers.
16:01 of 2nd period - Deflect By Nick Paul.
16:01 of 2nd period - Shot Misses the Net.
16:01 of 2nd period - Puck is out of play.
16:02 of 2nd period - Leo Carlsson wins face-off versus Matthew Tkachuk in Chicago Black Hawks zone.
16:02 of 2nd period - Leo Carlsson is hit by Mathieu Joseph.
16:05 of 2nd period - Minor Penalty to Noah Dobson for Tripping.
16:06 of 2nd period - Bo Horvat wins face-off versus Barrett Hayton in Chicago Black Hawks zone.
17:51 of 2nd period - Icing by Cale Makar.
17:52 of 2nd period - Brett Howden wins face-off versus Mathieu Joseph in Calgary Flames zone.
17:55 of 2nd period - Wrist shot by Leo Carlsson.
17:55 of 2nd period - Shot Misses the Net.
17:57 of 2nd period - Slapshot by Justin Faulk.
17:57 of 2nd period - Shot Blocked by Cale Makar.
18:05 of 2nd period - Penalty to Noah Dobson is over, Noah Dobson is back on ice.
18:33 of 2nd period - Barrett Hayton is hit by Pavel Zacha and loses puck.
19:12 of 2nd period - Brent Burns is hit by Jeremy Lauzon and loses puck.
19:57 of 2nd period - Minor Penalty to Angus Crookshank for Tripping.
19:58 of 2nd period - Bo Horvat wins face-off versus Barrett Hayton in Calgary Flames zone.
Goals for this period are 1 for Chicago Black Hawks vs 1 for Calgary Flames.
Shots for this period are 5 for Chicago Black Hawks vs 5 for Calgary Flames.
3rd period
0:01 of 3rd period - Bo Horvat wins face-off versus Barrett Hayton in neutral zone.
0:08 of 3rd period - Snap shot by Bo Horvat.
0:08 of 3rd period - Stopped by Filip Gustavsson with a rebound.
0:28 of 3rd period - Snap shot by Drew Doughty.
0:28 of 3rd period - Stopped by Filip Gustavsson without a rebound.
0:29 of 3rd period - Zach Hyman wins face-off versus Leo Carlsson in Chicago Black Hawks zone.
0:34 of 3rd period - Snap shot by Joel Eriksson Ek.
0:34 of 3rd period - Stopped by Filip Gustavsson with a rebound.
0:45 of 3rd period - Snap shot by Christopher Tanev.
0:45 of 3rd period - Goal by Christopher Tanev - Chicago Black Hawks : 3 - Calgary Flames : 1.
0:46 of 3rd period - Matthew Tkachuk wins face-off versus Leo Carlsson in neutral zone.
1:13 of 3rd period - Icing by Zach Hyman.
1:14 of 3rd period - Barrett Hayton wins face-off versus Bo Horvat in Calgary Flames zone.
1:17 of 3rd period - Slapshot by Trevor Zegras.
1:17 of 3rd period - Shot Misses the Net.
1:19 of 3rd period - Slapshot by Noah Dobson.
1:19 of 3rd period - Shot Blocked by Bo Horvat.
1:21 of 3rd period - Slapshot by Noah Dobson.
1:21 of 3rd period - Goal by Noah Dobson - Chicago Black Hawks : 4 - Calgary Flames : 1.
1:22 of 3rd period - Leo Carlsson wins face-off versus Matthew Tkachuk in neutral zone.
1:24 of 3rd period - Christopher Tanev is hit by Chris Kreider and loses puck.
1:51 of 3rd period - Wrist shot by Matthew Beniers.
1:51 of 3rd period - Shot Misses the Net.
1:53 of 3rd period - Snap shot by Matthew Beniers.
1:53 of 3rd period - Shot Blocked by Filip Hronek.
1:55 of 3rd period - Snap shot by Shane Wright.
1:55 of 3rd period - Stopped by Anton Forsberg without a rebound.
1:56 of 3rd period - Bo Horvat wins face-off versus Barrett Hayton in Calgary Flames zone.
2:07 of 3rd period - Slapshot by Sebastian Aho.
2:07 of 3rd period - Shot Misses the Net.
2:09 of 3rd period - Snap shot by Zach Hyman.
2:09 of 3rd period - Stopped by Filip Gustavsson without a rebound.
2:10 of 3rd period - Bo Horvat wins face-off versus Oliver Bjorkstrand in Chicago Black Hawks zone.
2:25 of 3rd period - Wrist shot by Zach Hyman.
2:25 of 3rd period - Stopped by Filip Gustavsson without a rebound.
2:26 of 3rd period - Matthew Tkachuk wins face-off versus Lucas Raymond in Chicago Black Hawks zone.
2:31 of 3rd period - Slapshot by Chris Kreider.
2:31 of 3rd period - Shot Blocked by Trevor Zegras.
2:35 of 3rd period - Slapshot by Mathieu Joseph.
2:35 of 3rd period - Stopped by Filip Gustavsson with a rebound.
2:37 of 3rd period - Wrist shot by Chris Kreider.
2:37 of 3rd period - Shot Misses the Net.
2:56 of 3rd period - Slapshot by Oliver Bjorkstrand.
2:56 of 3rd period - Stopped by Anton Forsberg without a rebound.
2:57 of 3rd period - Joel Eriksson Ek wins face-off versus Leo Carlsson in Calgary Flames zone.
3:04 of 3rd period - Snap shot by Angus Crookshank.
3:04 of 3rd period - Stopped by Filip Gustavsson without a rebound.
3:05 of 3rd period - Pavel Zacha wins face-off versus Leo Carlsson in Chicago Black Hawks zone.
3:12 of 3rd period - Wrist shot by Joel Eriksson Ek.
3:12 of 3rd period - Stopped by Filip Gustavsson without a rebound.
3:13 of 3rd period - Barrett Hayton wins face-off versus Matthew Tkachuk in Chicago Black Hawks zone.
3:19 of 3rd period - Jeremy Lauzon beats up Trevor Zegras.
3:19 of 3rd period - Penalty to Jeremy Lauzon for Fighting.
3:19 of 3rd period - Penalty to Trevor Zegras for Fighting.
3:20 of 3rd period - Barrett Hayton wins face-off versus Matthew Tkachuk in neutral zone.
3:23 of 3rd period - Snap shot by Barrett Hayton.
3:23 of 3rd period - Stopped by Anton Forsberg with a rebound.
3:52 of 3rd period - Wrist shot by Oliver Bjorkstrand.
3:52 of 3rd period - Stopped by Anton Forsberg with a rebound.
3:54 of 3rd period - Slapshot by Leo Carlsson.
3:54 of 3rd period - Shot Misses the Net.
4:10 of 3rd period - Ryan Suzuki is hit by Drew Doughty and loses puck.
4:21 of 3rd period - Drew Doughty is hit by Brett Howden and loses puck.
4:52 of 3rd period - Snap shot by Nic Dowd.
4:52 of 3rd period - Deflect By Ben Meyers.
4:52 of 3rd period - Stopped by Filip Gustavsson with a rebound.
5:06 of 3rd period - Ben Meyers is hit by Oliver Bjorkstrand and loses puck.
5:18 of 3rd period - Cale Makar is hit by Brent Burns.
5:46 of 3rd period - Snap shot by Barrett Hayton.
5:46 of 3rd period - Goal by Barrett Hayton - Chicago Black Hawks : 5 - Calgary Flames : 1.
5:47 of 3rd period - Matthew Tkachuk wins face-off versus Leo Carlsson in neutral zone.
6:14 of 3rd period - Pavel Zacha is hit by Justin Faulk.
7:00 of 3rd period - Wrist shot by Nick Paul.
7:00 of 3rd period - Deflect By Brent Burns.
7:00 of 3rd period - Goal by Nick Paul - Chicago Black Hawks : 5 - Calgary Flames : 2.
7:01 of 3rd period - Matthew Beniers wins face-off versus Mathieu Joseph in neutral zone.
7:10 of 3rd period - Slapshot by Matthew Beniers.
7:10 of 3rd period - Stopped by Anton Forsberg with a rebound.
7:12 of 3rd period - Slapshot by Matthew Beniers.
7:12 of 3rd period - Stopped by Anton Forsberg without a rebound.
7:13 of 3rd period - Joel Eriksson Ek wins face-off versus Leo Carlsson in Calgary Flames zone.
7:13 of 3rd period - Joel Eriksson Ek is hit by Brent Burns.
7:39 of 3rd period - Barrett Hayton is hit by Chris Kreider and loses puck.
8:07 of 3rd period - Wrist shot by Lucas Raymond.
8:07 of 3rd period - Shot Misses the Net.
8:09 of 3rd period - Snap shot by Lucas Raymond.
8:09 of 3rd period - Deflect By Barrett Hayton.
8:09 of 3rd period - Stopped by Anton Forsberg with a rebound.
8:11 of 3rd period - Slapshot by Barrett Hayton.
8:11 of 3rd period - Stopped by Anton Forsberg without a rebound.
8:12 of 3rd period - Bo Horvat wins face-off versus Leo Carlsson in Calgary Flames zone.
8:33 of 3rd period - Minor Penalty to Daniil Miromanov for Holding.
8:34 of 3rd period - Bo Horvat wins face-off versus Barrett Hayton in Calgary Flames zone.
9:10 of 3rd period - Slapshot by Zachary Werenski.
9:10 of 3rd period - Shot Blocked by Drew Doughty.
10:32 of 3rd period - Filip Hronek is hit by Shane Wright and loses puck.
10:33 of 3rd period - Penalty to Daniil Miromanov is over, Daniil Miromanov is back on ice.
10:46 of 3rd period - Minor Penalty to Ryan Lindgren for Interference.
10:47 of 3rd period - Joel Eriksson Ek wins face-off versus Oliver Bjorkstrand in Chicago Black Hawks zone.
11:19 of 3rd period - Icing by Drew Doughty.
11:20 of 3rd period - Bo Horvat wins face-off versus Oliver Bjorkstrand in Calgary Flames zone.
11:49 of 3rd period - Slapshot by Bo Horvat.
11:49 of 3rd period - Shot Blocked by Brent Burns.
11:51 of 3rd period - Snap shot by Jeremy Lauzon.
11:51 of 3rd period - Stopped by Filip Gustavsson with a rebound.
11:53 of 3rd period - Snap shot by Jeremy Lauzon.
11:53 of 3rd period - Deflect By Sebastian Aho.
11:53 of 3rd period - Stopped by Filip Gustavsson without a rebound.
11:54 of 3rd period - Barrett Hayton wins face-off versus Chris Kreider in Chicago Black Hawks zone.
12:09 of 3rd period - Slapshot by Joel Eriksson Ek.
12:09 of 3rd period - Shot Hit the Post.
12:46 of 3rd period - Penalty to Ryan Lindgren is over, Ryan Lindgren is back on ice.
12:56 of 3rd period - Jeremy Lauzon is hit by Shane Wright and loses puck.
13:03 of 3rd period - Snap shot by Leo Carlsson.
13:03 of 3rd period - Stopped by Anton Forsberg with a rebound.
14:20 of 3rd period - Oliver Bjorkstrand is hit by Nic Dowd and loses puck.
14:27 of 3rd period - Slapshot by Noah Dobson.
14:27 of 3rd period - Stopped by Anton Forsberg with a rebound.
14:29 of 3rd period - Snap shot by Leo Carlsson.
14:29 of 3rd period - Shot Misses the Net.
14:31 of 3rd period - Wrist shot by Leo Carlsson.
14:31 of 3rd period - Goal by Leo Carlsson - Chicago Black Hawks : 6 - Calgary Flames : 2.
14:32 of 3rd period - Bo Horvat wins face-off versus Lucas Raymond in neutral zone.
14:41 of 3rd period - Slapshot by Cale Makar.
14:41 of 3rd period - Deflect By Sebastian Aho.
14:41 of 3rd period - Stopped by Filip Gustavsson without a rebound.
14:42 of 3rd period - Barrett Hayton wins face-off versus Zach Hyman in Chicago Black Hawks zone.
14:42 of 3rd period - Barrett Hayton is hit by Filip Hronek.
14:56 of 3rd period - Snap shot by Bo Horvat.
14:56 of 3rd period - Shot Blocked by Zachary Werenski.
14:58 of 3rd period - Slapshot by Cale Makar.
14:58 of 3rd period - Stopped by Filip Gustavsson without a rebound.
14:59 of 3rd period - Joel Eriksson Ek wins face-off versus Morgan Frost in Chicago Black Hawks zone.
15:00 of 3rd period - Wrist shot by Cale Makar.
15:00 of 3rd period - Stopped by Filip Gustavsson without a rebound.
15:01 of 3rd period - Morgan Frost wins face-off versus Joel Eriksson Ek in Chicago Black Hawks zone.
15:03 of 3rd period - Joel Eriksson Ek and Brett Howden fight to a draw.
15:03 of 3rd period - Penalty to Joel Eriksson Ek for Fighting.
15:03 of 3rd period - Penalty to Brett Howden for Fighting.
15:04 of 3rd period - Matthew Beniers wins face-off versus Nic Dowd in neutral zone.
15:09 of 3rd period - Snap shot by Matthew Beniers.
15:09 of 3rd period - Stopped by Anton Forsberg without a rebound.
15:10 of 3rd period - Matthew Beniers wins face-off versus Nic Dowd in Calgary Flames zone.
15:32 of 3rd period - Lucas Raymond is hit by Nic Dowd and loses puck.
15:43 of 3rd period - Slapshot by Cale Makar.
15:43 of 3rd period - Deflect By Barrett Hayton.
15:43 of 3rd period - Stopped by Filip Gustavsson without a rebound.
15:44 of 3rd period - Matthew Beniers wins face-off versus Zach Hyman in Chicago Black Hawks zone.
16:33 of 3rd period - Off-side.
16:34 of 3rd period - Nic Dowd wins face-off versus Leo Carlsson in neutral zone.
16:36 of 3rd period - Off-side.
16:37 of 3rd period - Nic Dowd wins face-off versus Bobby Brink in neutral zone.
17:47 of 3rd period - Snap shot by Pavel Zacha.
17:47 of 3rd period - Stopped by Filip Gustavsson with a rebound.
18:07 of 3rd period - Daniil Miromanov is hit by Trevor Zegras and loses puck.
18:16 of 3rd period - Sebastian Aho is hit by Barrett Hayton and loses puck.
18:31 of 3rd period - Backhand shot by Daniil Miromanov.
18:31 of 3rd period - Shot Misses the Net.
18:43 of 3rd period - Minor Penalty to Bobby Brink for Boarding.
18:44 of 3rd period - Barrett Hayton wins face-off versus Nic Dowd in Chicago Black Hawks zone.
19:07 of 3rd period - Icing by Nic Dowd.
19:08 of 3rd period - Matthew Beniers wins face-off versus Nic Dowd in Calgary Flames zone.
19:11 of 3rd period - Wrist shot by Matthew Beniers.
19:11 of 3rd period - Stopped by Anton Forsberg with a rebound.
19:13 of 3rd period - Slapshot by Brent Burns.
19:13 of 3rd period - Shot Blocked by Chris Kreider.
19:15 of 3rd period - Wrist shot by Matthew Beniers.
19:15 of 3rd period - Deflect By Barrett Hayton.
19:15 of 3rd period - Shot Misses the Net.
19:15 of 3rd period - Puck is out of play.
19:16 of 3rd period - Bo Horvat wins face-off versus Barrett Hayton in Calgary Flames zone.
19:43 of 3rd period - Slapshot by Cale Makar.
19:43 of 3rd period - Stopped by Filip Gustavsson with a rebound.
19:45 of 3rd period - Wrist shot by Chris Kreider.
19:45 of 3rd period - Deflect By Nic Dowd.
19:45 of 3rd period - Shot Blocked by Leo Carlsson.
19:45 of 3rd period - Puck is out of play.
19:46 of 3rd period - Nic Dowd wins face-off versus Barrett Hayton in Chicago Black Hawks zone.
19:47 of 3rd period - Backhand shot by Cale Makar.
19:47 of 3rd period - Stopped by Filip Gustavsson without a rebound.
19:48 of 3rd period - Barrett Hayton wins face-off versus Nic Dowd in Chicago Black Hawks zone.
19:48 of 3rd period - Barrett Hayton is hit by Mathieu Joseph.
Goals for this period are 4 for Chicago Black Hawks vs 1 for Calgary Flames.
Shots for this period are 16 for Chicago Black Hawks vs 19 for Calgary Flames.
Back to the Top